 Dungeon Crawl Stone Soup version 0.21-a0-113-g6841d05 (webtiles) character file.

95272 Eptagon the Devastator (level 15, -24/93 HPs)
             Began as a Deep Elf Conjurer on July 10, 2017.
             Was the Champion of Vehumet.
             Killed from afar by Frances (35 damage)
             ... with an iron shot
             ... on level 13 of the Dungeon on July 12, 2017.
             The game lasted 01:43:28 (26838 turns).

Eptagon the Devastator (Deep Elf Conjurer)         Turns: 26838, Time: 01:43:29

Health: -24/93     AC: 12    Str: 10    XL:     15   Next: 65%
Magic:  6/52       EV: 21    Int: 27    God:    Vehumet [******]
Gold:   1193       SH: 11    Dex: 17    Spells: 4/47 levels left

rFire    . . .     SeeInvis .   a - staff of power
rCold    + . .     Gourm    .   R - +0 buckler
rNeg     . . .     Faith    .   o - +2 robe of Vines {NoPotionHeal Regen+7}
rPois    .         Spirit   .   f - +0 helmet
rElec    .         Reflect  +   v - +2 cloak
rCorr    .         Harm     .   M - +2 pair of gloves
MR       ++...                  t - +0 pair of boots
Stlth    ++........             s - +5 amulet of reflection
HPRegen  3.05/turn              p - ring of flight
MPRegen  0.33/turn              Q - ring of Divine Intervention {rC+ Str+5}

@: no status effects
A: agile 1, magic resistance 1, mutation resistance 1
a: Renounce Religion, Evoke Flight


You were on level 13 of the Dungeon.
You worshipped Vehumet.
Vehumet was exalted by your worship.
You were hungry.

You visited 4 branches of the dungeon, and saw 22 of its levels.
You also visited: Bailey and Ice Cave.

You collected 2127 gold pieces.
You spent 934 gold pieces at shops.

Inventory:

Armour
 f - a +0 helmet (worn)
 o - the +2 robe of Vines (worn) {NoPotionHeal Regen+7}
   (You found it on level 3 of the Lair of Beasts)

   It increases your rate of regeneration.
 t - a +0 pair of boots (worn)
 v - a +2 cloak (worn)
 M - a +2 pair of gloves (worn)
 R - a +0 buckler (worn)
Magical Staves
 a - an uncursed staff of power (weapon)
 b - an uncursed staff of wizardry
Jewellery
 n - an uncursed ring of ice
 p - a ring of flight (left hand)
 s - a +5 amulet of reflection (around neck)
 Q - the ring of Divine Intervention (right hand) {rC+ Str+5}
   (You found it on level 1 of the Lair of Beasts)

   [ring of protection from cold]

   It affects your strength (+5).
   It protects you from cold.
Wands
 w - a wand of digging (13/24)
 A - a wand of scattershot (1/9)
 L - a wand of clouds (6/9)
 P - a wand of acid (2/15)
 S - a wand of digging (20/24)
 T - a wand of flame (35/48)
 X - a wand of disintegration (9/24)
Scrolls
 c - 3 scrolls of random uselessness {unknown}
 j - 7 scrolls of immolation
 k - 9 scrolls of teleportation
 q - a scroll of summoning {unknown}
 E - 5 scrolls of enchant weapon
 F - 3 scrolls of fog
 H - 4 scrolls of remove curse
 I - 3 scrolls of enchant armour
 K - 5 scrolls of fear
 N - 2 scrolls of torment {unknown}
 O - a scroll of holy word {unknown}
 U - 4 scrolls of magic mapping
 V - 2 scrolls of noise {unknown}
 W - 2 scrolls of identify
Potions
 g - 2 potions of ambrosia
 h - 5 potions of flight
 i - 8 potions of mutation
 l - 10 potions of heal wounds
 r - a potion of lignification
 x - 6 potions of brilliance
 z - 3 potions of berserk rage
 B - 3 potions of might
 C - 4 potions of curing
 D - 2 potions of haste
 G - 2 potions of agility
 J - 2 potions of magic
 Y - a potion of resistance
Books
 e - a book of Geomancy

   Spells                             Type                      Level
   a - Sandblast                      Earth                        1
   b - Passwall                       Transmutation/Earth          2
   c - Stone Arrow                    Conjuration/Earth            3
   d - Petrify                        Transmutation/Earth          4
   e - Lee's Rapid Deconstruction     Earth                        5
Comestibles
 d - 2 royal jellies
 m - 34 fruits
 u - 3 meat rations
 y - 12 bread rations
 Z - 3 chunks of flesh


   Skills:
 + Level 10.4 Fighting
 - Level 11.9 Dodging
 - Level 2.4 Stealth
 - Level 5.0 Shields
 + Level 16.8 Spellcasting
 + Level 16.9 Conjurations
 + Level 9.9 Fire Magic
 - Level 5.0 Air Magic


You had 4 spell levels left.
You knew the following spells:

 Your Spells              Type           Power        Failure   Level  Hunger
a - Magic Dart            Conj           ####         0%          1    None
f - Fireball              Conj/Fire      #######...   1%          5    None
i - Irradiate             Conj/Tmut      ######....   1%          5    None
l - Conjure Ball Lightni  Conj/Air       ######....   1%          6    ###....
p - Fulminant Prism       Conj/Hex       ######....   1%          4    None
s - Dazzling Spray        Conj/Hex       ######       1%          3    None
C - Bolt of Cold          Conj/Ice       ######....   2%          6    ###....
F - Bolt of Fire          Conj/Fire      #######...   1%          6    ###....
S - Spellforged Servitor  Conj/Summ      ######....   16%         7    #####..


Dungeon Overview and Level Annotations

Branches:
Dungeon (13/15)            Temple (1/1) D:6            Lair (6/6) D:10
 Shoals (0/4) Lair:3       Spider (0/4) Lair:2        Slime (0/5) Lair:5
    Orc (2/2) D:10            Elf (0/3) Orc:2
 Vaults: D:13-14

Altars:
Ashenzari
Cheibriados
Dithmenos
Elyvilon
Fedhas
Gozag
Hepliaklqana
Kikubaaqudgha
Makhleb
Nemelex Xobeh
Okawaru
Qazlal
Ru
Sif Muna
Trog
Uskayaw
Vehumet
Wu Jian
Xom
Yredelemnul
Zin
The Shining One

Shops:
Orc:2 }*(

Annotations:
D:13 1 runed door, Frances


Innate Abilities, Weirdness & Mutations

You are agile. (Dex +2)
You are resistant to hostile enchantments. (MR+)
You are somewhat resistant to further mutation.


Message History

Casting: Bolt of Fire
Confirm with . or Enter, or press ? or * to list all spells.
Aiming: Bolt of Fire
Press: ? - help, Shift-Dir - straight line, f/p - Frances
Aim: Frances, wielding a translucent short sword {freeze} and wearing a chain mail (severely wounded, fast)
The bolt of fire hits Frances.
Frances resists.
Frances is severely wounded.
Frances screams a word of power!
The shard of ice hits you! You partially resist.
* * * LOW HITPOINT WARNING * * *
Casting: Bolt of Fire
Confirm with . or Enter, or press ? or * to list all spells.
Aiming: Bolt of Fire
Press: ? - help, Shift-Dir - straight line, f/p - Frances
Aim: Frances, wielding a translucent short sword {freeze} and wearing a chain mail (severely wounded, fast)
The bolt of fire hits Frances.
Frances resists.
Frances is almost dead.
Frances chants phrases taken from a devil's mouth.
The iron shot hits you!
You die...

##############.#≈≈≈≈≈≈#
#......#.......≈≈≈≈≈≈≈#
#.####.#.######≈≈≈≈≈≈≈≈
#.........# ##≈≈≈≈≈≈≈
######.#..# #≈≈≈≈≈≈
#.#..# #≈≈≈≈≈ #<#..#
#≈≈≈≈ ########..#####
#≈≈# #.....@@.......)
### #.#######....... #
....... # ....... #
.###### ###### .#
#..... .. #..... #.....
#.....


You could see Frances.

Vanquished Creatures
  A frost giant (IceCv)
  Nessos (Orc:2)
  Josephine (Lair:6)
  Erolcha (Orc:2)
  2 centaur warriors (D:13)
  13 hydras
  A tengu warrior (D:12)
  5 two-headed ogres
  16 death yaks
  6 orc high priests (Orc:2)
  Urug (D:13)
  A fire crab (Lair:6)
  Pikel (D:4)
  9 orc knights (Orc:2)
  2 oklob plants (Lair:5)
  An orb spider (Lair:2)
  2 manticores
  A cyclops (D:12)
  2 ugly things (D:11)
  An ice statue (IceCv)
  A ball lightning (IceCv)
  7 elephants (Lair:6)
  2 molten gargoyles (Lair:6)
  8 black mambas
  2 gargoyles
  9 spiny frogs
  A centaur skeleton (D:10)
  A torpor snail (Lair:6)
  14 komodo dragons
  A tengu conjurer (D:12)
  3 trolls
  13 polar bears
  3 meliai (D:13)
  A hornet (D:11)
  9 blink frogs
  7 hippogriffs
  6 slime creatures
  9 dream sheep
  A shadow (D:13)
  A water elemental (D:13)
  2 spriggans
  5 wyverns (Lair:6)
  43 yaks
  8 basilisks
  5 wraiths (Lair:6)
  4 steam dragons
  3 hungry ghosts
  4 wargs (Orc:2)
  Edmund (D:4)
  A two-headed ogre zombie (D:10)
  19 water moccasins
  4 hell hounds (Lair:6)
  5 porcupines
  An ice beast (D:12)
  34 orc warriors
  2 slaves
  A black bear (Lair:5)
  6 ogres
  4 sky beasts
  7 phantoms
  The ghost of Zigma the Ruffian, an amateur DrMo of the Shining One (D:3)
  An eye of draining (D:13)
  20 wolves
  12 crocodiles
  10 centaurs
  A big kobold (D:12)
  20 bullfrogs
  A gnoll sergeant (D:9)
  A scorpion (D:4)
  A troll zombie (D:10)
  13 killer bees
  4 wights (D:13)
  2 howler monkeys (D:7)
  2 electric eels
  6 crimson imps
  5 lava snakes (Lair:6)
  3 bullfrog zombies
  A quasit (D:9)
  2 centaur zombies
  17 jellies
  9 hounds
  24 orc priests
  3 bullfrog skeletons
  11 iguanas
  Terence (D:2)
  13 orc wizards
  7 worker ants
  6 ogre zombies (D:10)
  2 hound zombies
  A hound skeleton (D:10)
  A worker ant zombie (D:9)
  20 gnolls
  12 adders
  5 shadow imps
  12 white imps (Lair:3)
  An ooze (D:3)
  2 adder skeletons
  4 worms
  A dart slug (D:1)
  6 leopard geckos
  58 orcs
  A ball python (D:2)
  12 giant cockroaches
  7 goblins
  18 hobgoblins
  11 jackals
  11 kobolds
  3 quokkas
  2 frilled lizards
  A giant cockroach zombie (D:6)
  2 goblin zombies (D:10)
  A hobgoblin skeleton (D:10)
  4 hobgoblin zombies (D:10)
  A jackal skeleton (D:9)
  2 orc skeletons (D:10)
  16 orc zombies (D:10)
  8 rats
  3 fungi
  6 plants
757 creatures vanquished.

Vanquished Creatures (collateral kills)
  A fire dragon (Lair:6)
  A ball lightning (Lair:2)
2 creatures vanquished.

Vanquished Creatures (others)
  158 ball lightnings
  2 polar bears (IceCv)
  A yak (IceCv)
  2 orc warriors (Orc:2)
  A wolf (IceCv)
  A centaur (Lair:3)
  Ijyb (D:4)
  A kobold (Bailey)
  122 fulminant prisms
  12 fungi
  11 plants
312 creatures vanquished.

Grand Total: 1071 creatures vanquished

Notes
Turn   | Place    | Note
-------+----------+-------------------------------------------
     0 | D:1      | Eptagon the Deep Elf Conjurer began the quest for the Orb.
     0 | D:1      | Reached XP level 1. HP: 10/10 MP: 6/6
   183 | D:1      | Reached XP level 2. HP: 14/15 MP: 5/8
   436 | D:1      | Learned a level 2 spell: Searing Ray
   788 | D:2      | Reached skill level 5 in Conjurations
   788 | D:2      | Reached XP level 3. HP: 19/19 MP: 5/10
  1033 | D:2      | Learned a level 3 spell: Dazzling Spray
  1253 | D:2      | Reached XP level 4. HP: 24/24 MP: 7/12
  1548 | D:2      | Noticed Terence
  1692 | D:2      | Killed Terence
  1996 | D:3      | Learned a level 4 spell: Iskenderun's Mystic Blast
  2021 | D:3      | Reached skill level 5 in Spellcasting
  2204 | D:3      | Noticed a sky beast
  2297 | D:3      | Killed a sky beast
  2297 | D:3      | Reached XP level 5. HP: 21/28 MP: 10/15
  2300 | D:3      | Gained mutation: You are agile. (Dex +2) [mutagenic meat]
  2301 | D:3      | Gained mutation: You are somewhat resistant to further mutation. [mutagenic meat]
  2426 | D:3      | Noticed Zigma's ghost (amateur DrMo)
  2443 | D:3      | Killed Zigma's ghost
  2443 | D:3      | Reached XP level 6. HP: 27/32 MP: 5/17
  2498 | D:3      | Learned a level 4 spell: Fulminant Prism
  2975 | D:4      | Noticed a slave
  2975 | D:4      | Noticed a slave
  2975 | D:4      | Noticed a slave
  2976 | D:4      | Noticed Pikel
  2976 | D:4      | Noticed Edmund
  2978 | D:4      | Noticed a slave
  2981 | D:4      | Noticed Ijyb
  3042 | D:3      | Killed a slave
  3527 | D:4      | Reached XP level 7. HP: 27/36 MP: 8/19
  3660 | D:4      | Killed Pikel
  3660 | D:4      | Reached XP level 8. HP: 29/41 MP: 0/22
  3685 | D:3      | Upgraded the game from 0.21-a0-110-g8e1637b to 0.21-a0-111-g52d2817
  3892 | D:4      | Killed Ijyb
  3895 | D:4      | Killed Edmund
  3985 | D:4      | Found a glowing golden altar of the Shining One.
  4418 | D:5      | Entered Level 5 of the Dungeon
  4867 | D:5      | Reached skill level 10 in Spellcasting
  5296 | D:6      | Found a blossoming altar of Fedhas.
  5660 | D:6      | Reached skill level 10 in Conjurations
  5868 | D:6      | Found a staircase to the Ecumenical Temple.
  6046 | Temple   | Entered the Ecumenical Temple
  6356 | Temple   | Became a worshipper of Vehumet
  6441 | D:7      | Reached skill level 1 in Fighting
  6441 | D:7      | Reached XP level 9. HP: 47/47 MP: 19/25
  7294 | D:8      | Found a flagged portal.
  7314 | D:8      | Noticed a two-headed ogre
  7317 | D:8      | Killed a two-headed ogre
  7330 | Bailey   | Entered a bailey
  7355 | Bailey   | Gained mutation: You are resistant to hostile enchantments. (MR+) [mutagenic meat]
  7381 | Bailey   | Reached * piety under Vehumet
  7381 | Bailey   | Offered knowledge of Shock by Vehumet.
  7553 | Bailey   | Reached skill level 5 in Dodging
  8333 | D:8      | Offered knowledge of Sandblast by Vehumet.
  8414 | D:8      | Reached XP level 10. HP: 60/60 MP: 27/27
  8428 | D:8      | Reached ** piety under Vehumet
  9000 | D:9      | Noticed a two-headed ogre
  9010 | D:9      | Killed a two-headed ogre
  9010 | D:9      | Reached XP level 11. HP: 66/66 MP: 28/28
  9118 | D:9      | Noticed a two-headed ogre
  9123 | D:9      | Killed a two-headed ogre
  9249 | D:9      | Offered knowledge of Ignite Poison by Vehumet.
  9432 | D:9      | Reached *** piety under Vehumet
  9637 | D:10     | Entered Level 10 of the Dungeon
  9647 | D:10     | Offered knowledge of Olgreb's Toxic Radiance by Vehumet.
  9655 | D:9      | Learned a level 4 spell: Olgreb's Toxic Radiance
  9699 | D:10     | Reached skill level 10 in Dodging
  9759 | D:10     | Reached **** piety under Vehumet
  9832 | D:10     | Offered knowledge of Irradiate by Vehumet.
 10048 | D:10     | Found a staircase to the Orcish Mines.
 10215 | D:10     | Found a staircase to the Lair.
 10300 | D:10     | Noticed a two-headed ogre
 10310 | D:10     | Killed a two-headed ogre
 10638 | D:10     | Learned a level 5 spell: Irradiate
 10852 | D:10     | Reached ***** piety under Vehumet
 10861 | D:10     | Offered knowledge of Conjure Ball Lightning by Vehumet.
 11113 | Lair:1   | Entered Level 1 of the Lair of Beasts
 11147 | Lair:1   | Noticed a four-headed hydra
 11155 | Lair:1   | Killed a four-headed hydra
 11203 | Lair:1   | Learned a level 6 spell: Conjure Ball Lightning
 11330 | Lair:1   | Noticed an eight-headed hydra
 11336 | Lair:1   | Killed an eight-headed hydra
 11336 | Lair:1   | Reached XP level 12. HP: 73/73 MP: 29/29
 12005 | Lair:1   | Got a translucent silver ring
 12006 | Lair:1   | Identified the ring of Divine Intervention {rC+ Str+5} (You found it on level 1 of the Lair of Beasts)
 12768 | Lair:2   | Reached skill level 1 in Air Magic
 13009 | Lair:2   | Noticed a four-headed hydra
 13018 | Lair:2   | Killed a four-headed hydra
 13893 | Lair:2   | Found a hole to the Spider Nest.
 13919 | Lair:2   | Reached skill level 1 in Shields
 14243 | Lair:3   | Identified a scroll of acquirement
 14244 | Lair:3   | Got a pair of brightly glowing gloves
 14250 | Lair:3   | Identified the -5 pair of gloves of Creativity {MR++ Int-5} (You acquired it on level 3 of the Lair of Beasts)
 14413 | Lair:3   | Found a frozen archway.
 14492 | IceCv    | Entered an ice cave
 15406 | IceCv    | Offered knowledge of Bolt of Fire by Vehumet.
 15414 | IceCv    | Learned a level 6 spell: Bolt of Fire
 15739 | IceCv    | Reached XP level 13. HP: 79/79 MP: 28/32
 16124 | IceCv    | Reached skill level 5 in Air Magic
 16409 | IceCv    | Noticed a frost giant
 16416 | IceCv    | Killed a frost giant
 16416 | IceCv    | Reached skill level 1 in Fire Magic
 16737 | Lair:3   | Found a staircase to the Shoals.
 17699 | Lair:4   | Reached skill level 15 in Conjurations
 18969 | Lair:5   | Reached skill level 5 in Shields
 19053 | Lair:5   | Found a staircase to the Slime Pits.
 19353 | Lair:5   | Reached skill level 5 in Fire Magic
 19355 | Lair:5   | Reached XP level 14. HP: 60/84 MP: 34/34
 19813 | Lair:6   | Entered Level 6 of the Lair of Beasts
 19813 | Lair:6   | Noticed Josephine
 20050 | Lair:6   | Offered knowledge of Spellforged Servitor by Vehumet.
 20060 | Lair:6   | Learned a level 7 spell: Spellforged Servitor
 20083 | Lair:6   | Killed Josephine
 20301 | Lair:6   | Reached skill level 15 in Spellcasting
 22090 | Lair:6   | Offered knowledge of Orb of Destruction by Vehumet.
 22347 | Lair:6   | Found a large runed door.
 22389 | Lair:6   | Found a large runed door.
 22851 | Orc:1    | Entered Level 1 of the Orcish Mines
 22852 | Orc:1    | Upgraded the game from 0.21-a0-111-g52d2817 to 0.21-a0-113-g6841d05
 22906 | Orc:2    | Entered Level 2 of the Orcish Mines
 23042 | Orc:2    | Noticed Nessos
 23044 | Orc:2    | Killed Nessos
 23091 | Orc:2    | Found a staircase to the Elven Halls.
 23115 | Orc:2    | Reached XP level 15. HP: 88/91 MP: 36/36
 23144 | Orc:2    | Noticed Erolcha
 23145 | Orc:2    | Killed Erolcha
 23397 | Orc:2    | Reached ****** piety under Vehumet
 23476 | Orc:2    | Offered knowledge of Poison Arrow by Vehumet.
 23944 | Orc:2    | Reached skill level 10 in Fighting
 24327 | Orc:2    | Found Jetsilye's Weapon Emporium.
 24330 | Orc:2    | Found Jaupt's General Store.
 24331 | Orc:2    | Found Muymiapre's Gadget Emporium.
 24332 | Orc:2    | Found Zujuzxeu's Distillery.
 24340 | Orc:2    | Bought a potion of heal wounds for 75 gold pieces
 24340 | Orc:2    | Bought a potion of berserk rage for 75 gold pieces
 24340 | Orc:2    | Bought a potion of heal wounds for 75 gold pieces
 24340 | Orc:2    | Bought a potion of haste for 150 gold pieces
 24340 | Orc:2    | Bought a potion of ambrosia for 120 gold pieces
 24340 | Orc:2    | Bought a potion of curing for 45 gold pieces
 24340 | Orc:2    | Bought a potion of mutation for 120 gold pieces
 24340 | Orc:2    | Bought a potion of heal wounds for 75 gold pieces
 24340 | Orc:2    | Bought a potion of flight for 45 gold pieces
 24342 | Orc:2    | Bought 2 scrolls of magic mapping for 98 gold pieces
 24342 | Orc:2    | Bought a potion of might for 56 gold pieces
 24828 | D:11     | Learned a level 5 spell: Fireball
 25046 | D:11     | Found a sacrificial altar of Ru.
 26151 | D:13     | Offered knowledge of Bolt of Cold by Vehumet.
 26221 | D:13     | Noticed Urug
 26232 | D:13     | Killed Urug
 26611 | D:13     | Found a glowing silver altar of Zin.
 26612 | D:13     | Found a runed door.
 26744 | D:13     | Learned a level 6 spell: Bolt of Cold
 26831 | D:13     | Noticed Frances
 26838 | D:13     | Killed from afar by Frances

Vault maps used:
D:1:      scummos_arrival_hexagon, minmay_misc_feat_doors, minmay_liquid_box,
          moated_statue
D:2:      minmay_roachtagon, uniq_terence
D:4:      lemuel_coloured_pillars_altar, uniq_ijyb, uniq_pikel, uniq_edmund
D:5:      first_bread, serial_bayou_lake_a
D:6:      minmay_temple_entry_enclosed_plants, fedhas_altar_3
D:8:      enter_bailey_3
D:10:     erik_lair_island, zombieorc2_lemuel
D:11:     basic_altar
D:12:     blue_anna_alchemist
D:13:     serial_bayou_pond_e, minmay_misc_feat_tiny, lemuel_angel_altar,
          uniq_frances, uniq_urug
Temple:   compressed_dpeg_triangle_lava_temple
Lair:1:   beast_lair_carwin_large_3
Lair:2:   wad_woods_04, nicolae_spider_entry_orb_guardian, columned_hall_lemuel,
          nicolae_quartered_pool_little, lemuel_fruit_fields,
          infiniplex_staircase_pool_2
Lair:3:   minmay_shoals_entry_centaurs, portal_ice_cave_entry_imps,
          serial_bayou_pond_e
Lair:4:   patterned_corridor
Lair:5:   minmay_slime_entry_jelly_boxes, grunt_forest_stairs_clearing,
          minmay_lair_oklob_chamber
Lair:6:   cheibrodos_lair_end_hotspot, uniq_josephine
Orc:2:    st_orc_pillars, uniq_erolcha, uniq_nessos
Bailey:   bailey_axe_2, bailey
IceCv:    ice_cave_caverns_02

Skill      XL: |  1  2  3  4  5  6  7  8  9 10 11 12 13 14 15 |
---------------+----------------------------------------------+-----
Conjurations   | 5 6 7 8 10 12 13 14 15 16 | 16.9
Spellcasting   | 4 5 6 7 8 10 11 13 14 15 16 | 16.8
Fighting       | 1 6 8 9 10 | 10.4
Dodging        | 9 11 | 11.9
Air Magic      | 4 5 |  5.0
Shields        | 2 5 |  5.0
Fire Magic     | 5 8 9 |  9.9
Stealth        | |  2.4

Action                   |  1- 3 |  4- 6 |  7- 9 | 10-12 | 13-15 || total
-------------------------+-------+-------+-------+-------+-------++-------
Melee: Unarmed           |       |     5 |       |       |       ||     5
       Long sword        |       |     6 |     6 |       |       ||    12
       Dagger            |       |       |    85 |       |       ||    85
       Staff             |       |       |     1 |    33 |    37 ||    71
 Cast: Magic Dart        |    45 |    52 |    79 |   110 |     1 ||   287
       Searing Ray       |     6 |    13 |    36 |    69 |     6 ||   130
       Dazzling Spray    |       |     5 |     2 |    16 |     5 ||    28
       Iskenderun's Myst |       |    10 |     4 |    75 |    43 ||   132
       Fulminant Prism   |       |     4 |    16 |    59 |    43 ||   122
       Conjure Ball Ligh |       |       |       |    37 |    40 ||    77
       Bolt of Fire      |       |       |       |     6 |   336 ||   342
       Irradiate         |       |       |       |     1 |       ||     1
       Spellforged Servi |       |       |       |       |     2 ||     2
       Fireball          |       |       |       |       |    31 ||    31
 Abil: Evoke Flight      |       |       |       |       |     1 ||     1
Evoke: Wand              |       |       |     1 |     1 |     9 ||    11
  Use: Scroll            |       |     9 |     7 |    11 |     8 ||    35
       Potion            |       |     1 |     1 |     2 |     2 ||     6
 Stab: Sleeping          |       |     1 |     6 |       |       ||     7
  Eat: Chunk             |     1 |    11 |    12 |    26 |    69 ||   119
       Meat ration       |       |       |     1 |     1 |     2 ||     4
       Fruit             |       |       |       |     2 |     6 ||     8
       Royal jelly       |       |       |       |       |     3 ||     3
Armor: Robe              |     4 |     4 |    29 |    25 |    24 ||    86
Dodge: Dodged            |     6 |    25 |    71 |   175 |   111 ||   388
Block: Other             |       |     2 |    24 |    41 |       ||    67
       Reflection        |       |       |     3 |     3 |     5 ||    11
       Buckler           |       |       |       |    32 |    75 ||   107
       Rpst.: Long sword |       |     4 |     4 |       |       ||     8
